 Dungeon Crawl Stone Soup version 0.31.0-11-ge490571c62 (webtiles) character file.

Game seed: 8885110643551718438

25 hotdook the Trooper (level 2, -1/25 HPs)
             Began as a Demonspawn Monk on Jan 29, 2024.
             Succumbed to their own poison gas
             ... on level 1 of the Dungeon.
             The game lasted 00:01:42 (855 turns).

hotdook the Trooper (Demonspawn Monk)                Turns: 855, Time: 00:01:43

Health: -1/25      AC:  2    Str: 11    XL:     2   Next: 82%
Magic:  2/2        EV: 12    Int: 10    God:
Gold:   50         SH:  0    Dex: 15    Spells: 1/1 levels left

rFire   . .          .
                       - Unarmed
rCold   . . .        c - orb {light}
rNeg    . . .        a - +0 robe
rPois   .            (helmet restricted)
rElec   .            (no cloak)
rCorr   .            (no gloves)
SInv    .            (no boots)
Will    .....        (no amulet)
Stlth   +            (no ring)
HPRegen 0.24/turn    (no ring)
MPRegen 0.08/turn

%: no passive effects
@: lethally poisoned (-1 -> -23), glowing
A: horns 1
a: no special abilities


You were on level 1 of the Dungeon.
You visited 1 branch of the dungeon, and saw 1 of its levels.

You collected 50 gold pieces.

Inventory:

Armour
 a - a +0 robe (worn)
 c - an orb of light (worn)
Scrolls
 g - a scroll of poison
 j - a scroll of brand weapon {unknown}
 k - a scroll of teleportation {unknown}
 l - a scroll of identify {unknown}
 m - a scroll of revelation {unknown}
 q - a scroll of enchant armour {unknown}
Potions
 b - a potion of ambrosia
 e - a potion of brilliance {unknown}
 f - a potion of mutation {unknown}
 h - a potion of heal wounds {unknown}
 i - 2 potions of degeneration {unknown}
 n - a potion of cancellation {unknown}
 o - a potion of might {unknown}
 p - a potion of attraction {unknown}


   Skills:
 + Level 4.1 Fighting
 - Level 2.6 Dodging
 - Level 2.6 Unarmed Combat


You had one spell level left.
You didn't know any spells.
Your spell library was empty.

Dungeon Overview and Level Annotations

Branches:
Dungeon (1/15)

Altars:


Innate Abilities, Weirdness & Mutations

You have a pair of small horns on your head.


Message History

You hit the goblin but do no damage. The goblin barely misses you.
You hit the goblin.
You kill the goblin!
You see here a +0 club.
A hobgoblin comes into view.
The hobgoblin shouts!
The hobgoblin hits you.
You hit the hobgoblin but do no damage. You headbutt the hobgoblin.
The hobgoblin is severely wounded.
The hobgoblin misses you.
You hit the hobgoblin.
The hobgoblin is almost dead.
The hobgoblin misses you.
You hit the hobgoblin.
You kill the hobgoblin!
Found 9 gold pieces.
You now have 41 gold pieces (gained 9).
You now have 50 gold pieces (gained 9).
q - a scroll labelled NIUSOE KUOM
g - 2 scrolls labelled UHIOTUOBIRR (gained 1) Done exploring.
As you read the scroll labelled WIAKOTO CIZE, it crumbles to dust.
You hear a loud clanging noise!
It was a scroll of noise.
You drop 3 scrolls of noise.
The air fills with toxic fumes!
As you read the scroll labelled UHIOTUOBIRR, it crumbles to dust.
It was a scroll of poison.
Sorry, I don't know how to get there.
You are engulfed in poison gas.
You are poisoned.
You feel very sick.
You are engulfed in poison gas.
You are lethally poisoned!
* * * LOW HITPOINT WARNING * * *
You feel very sick.
You see here 3 scrolls of noise.
You are engulfed in poison gas.
You are more poisoned.
* * * LOW HITPOINT WARNING * * *
You die...

#.⌠.....⌠.....⌠.#..#
#...###...###...#..#
##############'##..#
#§##.......#.....#
#§##.......#.....#
#§##.......#######
#.##.......#
#§##.......#
#§@........#
#######.##########
#.###......#
#.....####.##
####### #... ####


There were no monsters in sight!

Vanquished Creatures
  A dart slug (D:1)
  4 endoplasms (D:1)
  A goblin (D:1)
  3 hobgoblins (D:1)
  3 ball pythons (D:1)
  A bat (D:1)
  4 frilled lizards (D:1)
  4 kobolds (D:1)
  A rat (D:1)
22 creatures vanquished.

Notes
Turn   | Place    | Note
-------+----------+-------------------------------------------
     0 | D:1      | hotdook the Demonspawn Monk began the quest for the Orb.
     0 | D:1      | Reached XP level 1. HP: 18/18 MP: 1/1
   102 | D:1      | Gained mutation: You have a pair of small horns on your
                  | head. [demonic ancestry]
   102 | D:1      | Reached XP level 2. HP: 8/24 MP: 2/2
   460 | D:1      | Reached skill level 4 in Fighting
   855 | D:1      | Succumbed to their own poison gas

Illustrated notes

Levels and vault maps discovered:
D:1:      minmay_arrival_nine_rooms, layout_loops_cross, palyth_stone_intersect

Skill      XL: |  1  2 |
---------------+-------+-----
Fighting       | 4 |  4.1
Dodging        | |  2.6
Unarmed Combat | |  2.6

Action                     || total
---------------------------++-------
  Melee: Unarmed           ||    43
         Headbutt          ||     4
    Use: Scroll            ||     2
 Armour: Robe              ||    21
  Dodge: Dodged            ||    26
